Map: Data-C

Players

MattBarry

  • Race: Zerg Zerg
  • League: Silver
  • Spawn Location: 9:00

Coleyoleyole - Winner!

  • Race: Protoss Protoss
  • League: Gold
  • Spawn Location: 3:00

VOD

Have the link to the VOD?

Description

Time

  • Played on: Jan. 20, 2023, 2:26 a.m.
  • Length: 26:43
Show
View Real Time Build Order
Export as new Build Order

MattBarry Zerg 

Build Orders: Pool First 

Get SALT Encoding   

  12  0:00  Drone  
  13  0:08  Drone  
  14  0:15  Extractor  
  14  0:16  Drone  
  14  0:33  Spawning Pool  
  13  0:36  Drone  
  14  0:45  Overlord  
  14  0:55  Drone, Extractor  
  15  1:04  Drone  
  15  1:05  Drone  
  17  1:20  Zergling x4  
  17  1:24  Queen  
  21  1:31  Zergling x2  
  22  1:37  Metabolic Boost  
  22  1:49  Zergling x2, Evolution Chamber  
  22  1:53  Overlord  
  23  2:14  Hatchery  
  22  2:19  Zergling x4  
  24  2:30  Zergling x2  
  25  2:43  Drone x2  
  25  2:44  Drone x2  
  28  3:19  Drone x4  
  26  3:26  Drone  
  27  3:27  Queen  
  27  3:33  Roach Warren  
  28  3:39  Spine Crawler  
  28  3:40  Evolution Chamber, Drone x3  
  29  3:47  Extractor  
  28  3:52  Baneling Nest  
  27  4:01  Hatchery  
  27  4:02  Drone x2  
  28  4:04  Drone  
  29  4:13  Zergling x2  
  29  4:14  Zergling x6  
  33  4:35  Drone  
  33  4:36  Drone  
  33  4:37  Drone, Overlord  
  33  4:38  Overlord  
  36  4:39  Zerg Melee Weapons Level 1  
  36  4:58  Lair  
  36  5:01  Drone  
  36  5:02  Drone x2  
  36  5:04  Roach, Drone x2  
  36  5:05  Roach  
  45  5:08  Queen  
  47  5:29  Drone x2  
  47  5:30  Hatchery, Drone  
  47  5:33  Roach  
  47  5:45  Roach x2  
  47  5:46  Roach x2  
  55  5:55  Queen  
  57  5:57  Glial Reconstitution  
  57  6:02  Overlord  
  57  6:03  Overlord  
  57  6:19  Overlord  
  57  6:22  Roach  
  57  6:23  Roach x5  
  69  6:28  Evolution Chamber  
  69  6:31  Overlord  
  68  6:34  Drone x3  
  71  6:51  Ravager x2  
  71  6:53  Ravager  
  74  7:00  Zergling x2  
  74  7:01  Zergling x24  
  87  7:15  Spore Crawler  
  87  7:19  Spore Crawler  
  87  7:22  Spore Crawler  
  84  7:23  Spore Crawler  
  84  7:25  Spore Crawler  
  84  7:26  Spore Crawler, Drone  
  84  7:27  Spore Crawler, Drone x2  
  82  7:59  Baneling x12  
  82  8:00  Baneling x2  
  82  8:03  Drone x2  
  84  8:21  Hydralisk Den  
  84  8:24  Hatchery  
  82  8:38  Zerg Missile Weapons Level 1  
  82  8:42  Extractor x2  
  80  8:54  Queen, Extractor, Drone x2  
  80  8:55  Extractor x2  
  82  8:56  Drone x2  
  82  8:57  Extractor, Drone x3  
  82  8:58  Roach x5  
  82  8:59  Overlord  
  95  9:39  Infestation Pit  
  94  9:45  Overlord  
  94  9:46  Drone x2, Overlord  
  94  9:48  Hydralisk x3  
  102  10:02  Pneumatized Carapace  
  102  10:15  Drone x2  
  104  10:29  Zerg Ground Armor Level 1  
  104  10:31  Hive  
  104  10:44  Queen  
  104  10:46  Overlord x2  
  55  10:58  Zergling x8  
  55  10:59  Zergling x30  
  74  11:11  Drone x4  
  72  11:20  Hydralisk x2  
  76  11:34  Infestor  
  76  11:35  Infestor  
  80  11:41  Pathogen Glands  
  80  11:42  Drone  
  81  11:49  Drone  
  81  11:50  Drone x2  
  84  12:05  Roach x5  
  94  12:34  Roach  
  94  12:35  Roach x10  
  115  12:53  Drone x2, Overlord x3  
  117  13:16  Adrenal Glands  
  117  13:24  Spire  
  116  13:28  Lurker Den  
  116  13:29  Zerg Missile Weapons Level 2  
  116  13:30  Zerg Ground Armor Level 2  
  115  13:44  Drone x3  
  115  13:45  Drone x3  
  115  13:46  Overlord x3  
  121  13:54  Hydralisk  
  121  13:55  Hydralisk  
  125  13:59  Hatchery  
  124  14:18  Roach  
  124  14:19  Roach x7  
  124  14:20  Roach x2  
  144  14:25  Ravager  
  144  14:26  Ravager x7  
  144  14:29  Hydralisk  
  154  14:46  Overseer  
  154  14:48  Overseer  
  154  14:50  Roach  
  156  14:57  Greater Spire  
  156  15:02  Drone  
  156  15:03  Drone  
  158  15:07  Drone  
  158  15:08  Drone, Overlord  
  158  15:10  Roach x4  
  167  15:18  Hydralisk  
  167  15:19  Hydralisk x2  
  173  15:25  Hydralisk x2  
  177  15:31  Hydralisk  
  177  15:32  Hydralisk x5  
  189  15:45  Zerg Melee Weapons Level 2  
  189  16:14  Muscular Augments  
  103  16:42  Roach x8  
  103  16:43  Roach x9  
  134  16:53  Zergling x2  
  135  16:57  Zergling x2  
  135  16:58  Zergling x20  
  146  17:09  Hydralisk  
  146  17:10  Hydralisk x3  
  146  17:13  Hydralisk  
  156  17:21  Hydralisk  
  156  17:22  Hydralisk x10  
  176  17:25  Grooved Spines  
  178  17:57  Corruptor  
  180  17:59  Overlord x3  
  169  18:12  Roach x13  
  176  18:13  Roach x4  
  152  18:28  Roach x5  
  152  18:29  Roach x3  
  168  18:40  Roach x4  
  168  18:41  Roach  
  178  18:47  Roach  
  178  18:48  Roach  
  182  18:49  Zergling x2  
  182  18:50  Zergling x6  
  176  19:06  Zergling x10  
  176  19:07  Zergling x36  
  173  19:16  Zergling x2  
  101  19:24  Zergling x2  
  101  19:25  Zergling x12  
  100  19:33  Zergling x22  
  100  19:34  Zergling x2  
  94  19:48  Drone x4  
  94  19:49  Drone x3  
  87  19:59  Corruptor  
  76  20:18  Hatchery  
  75  20:36  Spine Crawler  
  75  20:39  Spore Crawler  
  73  20:43  Corruptor  
  73  20:44  Corruptor  
  77  20:50  Extractor  
  77  20:53  Extractor  
  75  20:58  Drone x5  
  80  21:09  Zerg Flyer Armor Level 1  
  80  21:14  Corruptor  
  79  21:38  Corruptor x4  
  76  21:53  Corruptor x2  
  80  21:55  Corruptor  
  78  22:05  Zergling x2  
  78  22:07  Corruptor  
  81  22:19  Corruptor x2  
  81  22:22  Zergling x2  
  86  22:23  Zergling x2  
  86  22:27  Zergling x2  
  88  22:34  Zergling x2  
  85  22:56  Corruptor  
  85  22:57  Corruptor x3  
  73  23:03  Corruptor  
  73  23:04  Corruptor  
  56  23:21  Corruptor x2  
  56  23:22  Corruptor  
  56  23:24  Zergling x2  
  23  24:54  Hatchery  
  13  25:11  Overlord x4  
  13  25:12  Overlord x5  
Show
View Real Time Build Order
Export as new Build Order

Coleyoleyole Protoss - Winner!

Build Orders: 1 Gate Expand, Carriers 

Get SALT Encoding   

  12  0:00  Probe  
  13  0:12  Probe  
  14  0:20  Pylon  
  14  0:24  Probe  
  15  0:38  Probe  
  15  0:41  Gateway  
  16  0:51  Probe  
  16  0:53  Assimilator  
  17  1:03  Probe  
  18  1:16  Probe  
  19  1:28  Nexus  
  19  1:36  Cybernetics Core  
  19  1:39  Probe  
  20  1:44  Zealot (Chrono Boost)  
  22  1:56  Pylon  
  22  2:08  Assimilator  
  22  2:11  Stalker (Chrono Boost)  
  22  2:12  Warp Gate (Chrono Boost)  
  24  2:21  Gateway  
  24  2:24  Probe  
  25  2:40  Stalker (Chrono Boost)  
  27  2:45  Probe x2  
  29  3:00  Pylon, Shield Battery  
  29  3:03  Shield Battery  
  21  3:34  Zealot (Chrono Boost)  
  23  3:47  Stalker (Chrono Boost)  
  25  3:56  Probe x2  
  27  4:11  Probe x2  
  29  4:18  Stalker  
  29  4:20  Stalker  
  33  4:24  Probe  
  33  4:27  Probe  
  34  4:42  Probe  
  34  4:43  Probe  
  36  4:48  Gateway  
  36  5:01  Stalker  
  36  5:02  Stalker  
  36  5:05  Probe x2  
  42  5:18  Twilight Council  
  42  5:21  Pylon  
  42  5:32  Zealot x2  
  42  5:34  Probe x2  
  48  5:50  Pylon  
  48  5:58  Pylon  
  48  6:00  Charge (Chrono Boost)  
  48  6:07  Robotics Facility, Probe x2  
  48  6:10  Pylon  
  50  6:16  Zealot x2  
  50  6:18  Zealot  
  56  6:28  Probe x2  
  56  6:29  Gateway  
  58  6:37  Templar Archives  
  58  6:43  Forge  
  58  6:46  Probe x2  
  60  6:56  Observer (Chrono Boost)  
  60  6:58  Stalker x2  
  60  6:59  Zealot  
  67  7:06  Probe x2  
  69  7:08  Assimilator  
  69  7:11  Observer (Chrono Boost)  
  69  7:13  Assimilator  
  70  7:18  Probe x2  
  72  7:31  Probe x2  
  75  7:37  Observer  
  75  7:43  Zealot  
  75  7:44  Zealot x3  
  82  8:02  Immortal (Chrono Boost)  
  82  8:03  Psionic Storm  
  86  8:13  Pylon  
  86  8:15  Pylon  
  86  8:17  Pylon  
  86  8:20  Pylon  
  86  8:23  Pylon x2  
  86  8:28  Gateway  
  86  8:31  Probe x2  
  86  8:32  Immortal (Chrono Boost), Protoss Ground Weapons Level 1 (Chrono Boost)  
  92  8:44  Zealot x4  
  100  9:08  Immortal (Chrono Boost)  
  104  9:25  High Templar x2  
  104  9:27  Zealot x2  
  104  9:28  Zealot  
  114  9:33  Gateway  
  114  9:34  Gateway  
  114  9:39  Pylon x2  
  114  9:41  Gateway  
  114  9:56  High Templar x2  
  114  9:59  Zealot  
  118  10:22  Zealot x3  
  118  10:24  Immortal (Chrono Boost)  
  128  10:36  Photon Cannon  
  128  10:38  Photon Cannon  
  128  10:39  Stargate  
  128  10:41  Stargate  
  102  10:59  Zealot x3  
  102  11:00  Zealot x2, Stalker  
  114  11:18  Nexus  
  114  11:23  Pylon  
  114  11:25  Pylon  
  114  11:30  Pylon  
  114  11:38  Observer (Chrono Boost)  
  115  11:40  Protoss Ground Weapons Level 2 (Chrono Boost)  
  115  11:46  Photon Cannon  
  115  11:49  Photon Cannon  
  115  11:55  Photon Cannon  
  115  11:59  Observer  
  115  12:08  Shield Battery  
  115  12:09  Shield Battery  
  115  12:11  Pylon  
  115  12:15  Photon Cannon  
  115  12:26  Blink (Chrono Boost)  
  115  12:33  Void Ray  
  119  12:43  Stalker x3  
  125  12:48  Probe  
  125  12:49  Probe x2  
  128  12:57  Assimilator  
  128  12:59  Observer (Chrono Boost)  
  128  13:04  Assimilator  
  129  13:16  Fleet Beacon  
  129  13:17  Pylon  
  129  13:19  Observer  
  130  13:28  Probe x2  
  130  13:29  Probe  
  133  13:37  Cybernetics Core  
  133  13:39  Forge  
  133  13:42  Forge  
  133  13:45  Probe x3  
  136  13:49  High Templar  
  136  13:50  High Templar x2  
  136  13:52  High Templar  
  136  13:54  Archon  
  144  13:56  Archon  
  144  14:06  Void Ray x2 (Chrono Boost)  
  152  14:22  Protoss Air Armor Level 1 (Chrono Boost)  
  152  14:23  Protoss Air Weapons Level 1 (Chrono Boost), Protoss Ground Weapons Level 3 (Chrono Boost)  
  152  14:24  Probe x3  
  155  14:33  Protoss Ground Armor Level 1 (Chrono Boost)  
  155  14:39  Protoss Shields Level 1 (Chrono Boost)  
  163  15:07  Void Ray (Chrono Boost)  
  163  15:08  Void Ray (Chrono Boost), Probe  
  163  15:09  Probe x2  
  163  15:14  Pylon  
  166  15:18  Pylon  
  166  15:38  Nexus  
  166  15:40  Pylon  
  166  15:41  Carrier (Chrono Boost)  
  166  15:42  Pylon, Carrier (Chrono Boost)  
  166  15:44  Pylon  
  166  15:47  Pylon  
  178  15:51  Pylon  
  178  15:55  Observer  
  178  16:10  Zealot  
  178  16:11  Zealot x4  
  184  16:12  Zealot x3  
  183  16:38  Stalker x5  
  183  16:39  Stalker  
  195  16:43  Probe x2  
  195  16:44  Probe  
  198  17:07  Photon Cannon  
  198  17:09  Photon Cannon  
  198  17:10  Photon Cannon x2  
  198  17:22  Assimilator  
  198  17:26  Assimilator  
  198  17:31  Protoss Ground Armor Level 2 (Chrono Boost)  
  198  17:33  Protoss Shields Level 2 (Chrono Boost)  
  198  17:40  Protoss Air Weapons Level 2 (Chrono Boost)  
  198  17:44  Protoss Air Armor Level 2 (Chrono Boost)  
  198  17:57  Photon Cannon x2  
  198  18:01  Pylon  
  198  18:02  Pylon  
  188  18:26  Carrier x2 (Chrono Boost)  
  170  18:32  Flux Vanes  
  182  18:39  Stargate  
  182  18:42  Stargate  
  182  18:44  Stargate  
  182  18:49  Observer  
  143  19:26  Carrier x3 (Chrono Boost)  
  143  19:27  Carrier (Chrono Boost)  
  173  19:36  Stalker x3, Carrier (Chrono Boost)  
  173  19:37  Stalker x2  
  181  19:44  Zealot x3  
  181  20:06  Protoss Ground Armor Level 3 (Chrono Boost)  
  181  20:07  Protoss Shields Level 3 (Chrono Boost)  
  181  20:21  Nexus  
  181  20:24  Pylon  
  181  20:27  Pylon  
  181  20:28  Shield Battery  
  181  20:29  Pylon  
  181  20:30  Shield Battery  
  181  20:33  Photon Cannon, Pylon  
  181  20:36  Photon Cannon, Pylon  
  181  20:37  Probe  
  182  20:52  Protoss Air Weapons Level 3 (Chrono Boost)  
  182  21:02  Protoss Air Armor Level 3 (Chrono Boost)  
  182  21:20  Photon Cannon  
  182  21:22  Photon Cannon  
  182  21:23  Photon Cannon  
  182  21:34  Assimilator  
  182  21:39  Assimilator  
  179  21:52  Photon Cannon  
  179  21:53  Photon Cannon  
  179  21:55  Photon Cannon  
  179  21:58  Photon Cannon  
  179  22:01  Photon Cannon  
  179  22:03  Photon Cannon  
  179  22:05  Photon Cannon  
  179  22:20  Shield Battery  
  179  22:22  Photon Cannon  
  179  22:23  Photon Cannon  
  179  22:27  Photon Cannon x2  
  179  22:31  Photon Cannon  
  171  23:25  Carrier x5 (Chrono Boost)  
  197  23:47  Photon Cannon  
  197  23:48  Photon Cannon  
  197  23:54  Photon Cannon  
  197  23:58  Photon Cannon  
  193  24:49  Archon  
  193  25:10  Stalker x3  
  199  26:05  Shield Battery  
  199  26:07  Shield Battery, Nexus  
  199  26:10  Pylon x2, Shield Battery  
  199  26:11  Pylon  
  199  26:12  Pylon  
  199  26:13  Pylon  
  199  26:14  Photon Cannon  
  199  26:16  Photon Cannon  
  199  26:21  Photon Cannon  
  199  26:23  Photon Cannon  
  199  26:25  Photon Cannon  
  199  26:29  Photon Cannon  
  199  26:39  Shield Battery  
  199  26:42  Shield Battery x2  
Tags
 
Composition
Carriers
Matchup
PvZ
Replay Pack
Multiplayer
Spawn Locations
Cross Positions
Add a new tag
Caveats
  • Supply blocks, unpowered buildings, or Contaminate may cause inaccurate times.
  • Supply counts are checked every 10 seconds.